General information
	        
			
        
        - name: Skycity420
 
        - type: Custom game
 
        - host: Iceberg-Slim
 
        - saver: bLinn
 
        
map: SecretValley 
        - players: 7
 
        - length: 25:08
 
        - speed: Fast
 - version: 1.22 W3XP
 - replay type:  

 
» download(110 KB)
Players
        team 1 (loser) 
              
              
greedoFthenoob (
pink | 94 APM | 2360 actions | 25:06)
              
 4 Archmage 
 2 Summon Water Elemental
 2 Brilliance Aura
 3 Mountain King 
 2 Storm Bolt
 1 Bash
 
                » actions 
                
                | Assign group hotkey | 41 |  | 
| Basic commands | 74 |  | 
| Build / train | 90 |  | 
| Enter build submenu | 28 |  | 
| Enter hero's abilities submenu | 8 |  | 
| Give item / drop item | 3 |  | 
| Remove unit from queue | 1 |  | 
| Right click | 1127 |  | 
| Select / deselect | 663 |  | 
| Select group hotkey | 188 |  | 
| Use ability | 137 |  | 
                2360 total
 » units 
                
                | Peasant | 18 |  | 
| Footman | 4 |  | 
| Rifleman | 7 |  | 
| Sorceress | 5 |  | 
| Mortar Team | 3 |  | 
| Flying Machine | 2 |  | 
| Spell Breaker | 3 |  | 
| Priest | 1 |  | 
| Knight | 2 |  | 
                45 total
 » upgrades
                
                | Long Rifles | 1 |  | 
| Sorceress Training | 1 |  | 
| Animal War Training | 1 |  | 
| Flare | 1 |  | 
                4 total
 » buildings
                
                | Altar of Kings | 1 |  | 
| Barracks | 1 |  | 
| Farm | 11 |  | 
| Scout Tower | 5 |  | 
| Arcane Tower | 2 |  | 
| Arcane Vault | 3 |  | 
| Keep | 1 |  | 
| Blacksmith | 1 |  | 
| Workshop | 1 |  | 
| Arcane Sanctum | 3 |  | 
| Lumber Mill | 1 |  | 
| Castle | 1 |  | 
| Town Hall | 1 |  | 
| Guard Tower | 3 |  | 
                35 total
 » build order
                00:06 Altar of Kings
00:18 Barracks
00:33 Farm
01:04 Farm
01:45 Scout Tower
02:14 Arcane Tower
02:48 Farm
03:27 Arcane Vault
04:07 Keep
05:09 Blacksmith
05:38 Farm
05:41 Farm
05:44 Farm
06:34 Workshop
06:38 Arcane Sanctum
06:51 Lumber Mill
08:16 Farm
08:27 Arcane Vault
09:56 Castle
11:42 Farm
12:05 Farm
12:14 Arcane Vault
14:34 Arcane Sanctum
17:03 Farm
17:04 Farm
18:03 Town Hall
20:14 Arcane Sanctum
20:37 Scout Tower
20:38 Scout Tower
20:39 Scout Tower
20:42 Scout Tower
21:13 Guard Tower
24:57 Guard Tower
25:00 Arcane Tower
25:01 Guard Tower
» items
                
                | Boots of Speed | 1 |  | 
| Dust of Appearance | 1 |  | 
| Scroll of Regeneration | 9 |  | 
| Potion of Healing | 5 |  | 
| Orb of Fire | 1 |  | 
| Scroll of Town Portal | 6 |  | 
                23 total
  
               team 2 (winner) 
              
              
bLinn (
purple | 180 APM | 4523 actions | 25:08)
              
 5 Blademaster 
 3 Wind Walk
 2 Critical Strike
 4 Shadow Hunter 
 2 Hex
 2 Healing Wave
 
                » actions 
                
                | Assign group hotkey | 80 |  | 
| Basic commands | 39 |  | 
| Build / train | 94 |  | 
| Enter build submenu | 18 |  | 
| Enter hero's abilities submenu | 9 |  | 
| Give item / drop item | 3 |  | 
| Remove unit from queue | 3 |  | 
| Right click | 1967 |  | 
| Select / deselect | 747 |  | 
| Select group hotkey | 1351 |  | 
| Use ability | 212 |  | 
                4523 total
 » units 
                
                | Peon | 7 |  | 
| Grunt | 10 |  | 
| Raider | 11 |  | 
| Spirit Walker | 4 |  | 
| Kodo Beast | 2 |  | 
| Troll Witch Doctor | 1 |  | 
| Tauren | 2 |  | 
                37 total
 » upgrades
                
                | Berserker Strength | 1 |  | 
| Ensnare | 1 |  | 
| Spirit Walker Training | 2 |  | 
| Pillage | 1 |  | 
| Armor | 2 |  | 
| Melee Weapons | 1 |  | 
| Witch Doctor Training | 2 |  | 
| War Drums Damage Increase | 1 |  | 
| Pulverize | 1 |  | 
                12 total
 » buildings
                
                | Altar of Storms | 1 |  | 
| Orc Burrow | 7 |  | 
| Barracks | 1 |  | 
| Voodoo Lounge | 1 |  | 
| Stronghold | 3 |  | 
| Beastiary | 2 |  | 
| Spirit Lodge | 1 |  | 
| War Mill | 1 |  | 
| Watch Tower | 1 |  | 
| Fortress | 2 |  | 
| Tauren Totem | 1 |  | 
                21 total
 » build order
                00:01 Altar of Storms
00:09 Orc Burrow
00:31 Barracks
01:27 Orc Burrow
02:36 Voodoo Lounge
03:00 Stronghold
03:00 Stronghold
03:25 Orc Burrow
05:15 Orc Burrow
05:25 Beastiary
05:29 Spirit Lodge
05:53 War Mill
09:21 Orc Burrow
11:58 Orc Burrow
12:36 Orc Burrow
13:24 Watch Tower
14:44 Fortress
14:49 Beastiary
17:11 Tauren Totem
» items
                
                | Healing Salve | 2 |  | 
| Lesser Clarity Potion | 2 |  | 
| Scroll of Speed | 2 |  | 
| Boots of Speed | 1 |  | 
| Scroll of Healing | 1 |  | 
| Potion of Lesser Invulnerability | 1 |  | 
| Scroll of Town Portal | 1 |  | 
                10 total
  
               observersIceberg-Slim, 
TIMG4STRok, 
jerund, 
BRAUMS, 
atouchofherlips Chat log
          (00:11 / All) greedoFthenoob: lmao i just tried to share
(00:16 / All) bLinn: old habits... die hard
(00:25 / All) greedoFthenoob: goode lucke friende
(00:34 / All) bLinn: glhf ... fellow brit
(00:40 / All) greedoFthenoob: are you british
(00:43 / All) bLinn: no south african
(00:46 / All) bLinn: but i live in northern ireland
(00:46 / All) greedoFthenoob: im a turk
(00:48 / All) greedoFthenoob: not british
(00:54 / All) bLinn: we're both... illegal aliens
(09:38 / All) greedoFthenoob: goddamn it
(23:13 / All) bLinn: turk dont be bad manner...
(23:17 / All) greedoFthenoob: ITS YOU
(23:21 / All) bLinn: from the obs
(23:23 / All) bLinn: just relaying a message
(24:41 / All) greedoFthenoob: k gg
(24:43 / All) bLinn: gg
(24:48 / All) greedoFthenoob: even thuogh you have no expo
(24:53 / All) greedoFthenoob: id normally ifght on
(24:55 / All) bLinn: well
(24:58 / All) bLinn: i have 65 food still
(25:02 / All) bLinn: i'm not talons..
(25:04 / All) greedoFthenoob: lol
(25:05 / All) greedoFthenoob: zing